 Dungeon Crawl Stone Soup version 0.26-a0-682-g294304f6e8 (webtiles) character file.

Game seed: 16591256919201657111

172 PentaManta the Bolt Thrower (level 5, -3/42 HPs)
             Began as a Minotaur Hunter on Oct 20, 2020.
             Killed by nerve-wracking pain
             ... invoked by Grinder
              (12 damage)
             ... on level 3 of the Dungeon.
             The game lasted 00:05:12 (2325 turns).

PentaManta the Bolt Thrower (Minotaur Hunter)       Turns: 2325, Time: 00:05:12

Health: -3/42      AC:  0    Str: 18    XL:     5   Next: 27%
Magic:  4/4        EV: 14    Int:  8    God:
Gold:   197        SH:  0    Dex: 10    Spells: 4/4 levels left

rFire    . . .     SeeInvis .   (weapon currently unavailable)
rCold    . . .     Faith    .   (shield currently unavailable)
rNeg     . . .     Spirit   .   (armour currently unavailable)
rPois    .         Reflect  .   (helmet currently unavailable)
rElec    .         Harm     .   (cloak currently unavailable)
rCorr    .         Rampage  .   (gloves currently unavailable)
MR       .....                  (boots currently unavailable)
Stlth    +.........             (no amulet)
HPRegen  0.14/turn              (ring currently unavailable)
MPRegen  0.09/turn              (ring currently unavailable)

@: pig-form, very quick
A: small, (retaliatory headbutt)
a: no special abilities


You were on level 3 of the Dungeon.
You were a filthy swine.
You visited 1 branch of the dungeon, and saw 4 of its levels.

You collected 197 gold pieces.

Inventory:

Hand Weapons
 a - a +2 hand crossbow (melded)
 b - a +0 short sword
Missiles
 d - 70 bolts
Armour
 f - a +0 pair of gloves (melded)
 q - a +0 ring mail (melded)
Scrolls
 i - 6 scrolls of remove curse
 j - 3 scrolls of immolation
 m - a scroll of identify
Potions
 c - a potion of heal wounds
 e - 6 potions of curing {unknown}
 g - a potion of haste {unknown}
 h - a potion of resistance {unknown}
 k - a potion of brilliance {unknown}
 l - a potion of stabbing {unknown}
 n - 2 potions of flight {unknown}
 o - a potion of magic {unknown}


   Skills:
 - Level 2.4 Fighting
 - Level 1.9 Short Blades
 + Level 6.6 Crossbows
 - Level 1.6 Armour
 - Level 2.1 Dodging
 - Level 0.7 Stealth


You had 4 spell levels left.
You didn't know any spells.
Your spell library was empty.

Dungeon Overview and Level Annotations

Branches:
Dungeon (4/15)
 Temple: D:4-7

Altars:
Ashenzari
Uskayaw

Annotations:
D:3 Grinder


Innate Abilities, Weirdness & Mutations

((You reflexively headbutt those who attack you in melee.))
((You have a pair of horns on your head.))


Message History

You suddenly lose the ability to move!
Grinder gestures at you. You resist with significant effort.
Grinder zaps a wand.
You resist with some effort. Grinder gestures at you.
Pain shoots through your body! Grinder hits you.
* * * LOW HITPOINT WARNING * * *
You writhe in agony.
* * * LOW HITPOINT WARNING * * *
Grinder says, "Don't move a muscle."
Grinder zaps a wand.
You turn into a filthy swine.
Your +2 hand crossbow melds into your body.
Your +0 pair of gloves melds into your body.
Your +0 ring mail melds into your body.
You can move again.
Grinder says, "FISH!"
Grinder gestures at you. Pain shoots through your body!
You die...

#.# #....# ..# #.# #....# #.#
#### . #.# #....# #.# #.. ..
#.####.#### #.## #.# ..
.#####......###########..###.##.#
......)........................>#
#####.#################...##.....
#..####......######.#..#..#..
##......# #h#...##....#..#..
#.###..# #...#..#..#....#..
#.#⌠#..# #..###...###..##..
######.###..####.5.#.)†).#.......
............#......†.##.......(..
#####...##########.(###....#.##.#
..(..#### #...#........#.# .....#
#..#.....#......# .....# #..
#.###...###.#....


You could see Grinder.

Vanquished Creatures
  An orc priest (D:3)
  Terence (D:3)
  An iguana (D:3)
  An orc wizard (D:3)
  2 adders
  A worm (D:2)
  A dart slug (D:3)
  A leopard gecko (D:3)
  4 orcs (D:3)
  A ball python (D:3)
  3 goblins
  2 hobgoblins
  3 jackals (D:1)
  A quokka (D:3)
  8 bats
  2 frilled lizards (D:2)
  4 kobolds
  7 rats
44 creatures vanquished.

Notes
Turn   | Place    | Note
-------+----------+-------------------------------------------
     0 | D:1      | PentaManta the Minotaur Hunter began the quest for the Orb.
     0 | D:1      | Reached XP level 1. HP: 18/18 MP: 0/0
   298 | D:1      | Reached XP level 2. HP: 19/25 MP: 1/1
   839 | D:2      | Found a hide-covered altar of Uskayaw.
   983 | D:2      | Reached skill level 5 in Crossbows
  1012 | D:2      | Reached skill level 1 in Short Blades
  1175 | D:2      | Reached XP level 3. HP: 30/30 MP: 2/2
  1627 | D:3      | Reached skill level 1 in Armour
  1642 | D:3      | Reached XP level 4. HP: 27/37 MP: 3/3
  1668 | D:3      | Noticed Grinder
  1686 | D:4      | Found a broken altar of Ashenzari.
  1691 | D:3      | Paralysed by Grinder for 7 turns
  2063 | D:3      | Noticed Terence
  2074 | D:3      | Killed Terence
  2074 | D:3      | Reached skill level 6 in Crossbows
  2160 | D:3      | Reached XP level 5. HP: 42/42 MP: 4/4
  2316 | D:3      | Paralysed by Grinder for 6 turns
  2325 | D:3      | Killed from afar by Grinder

Illustrated notes

Levels and vault maps discovered:
D:1:      dpeg_arrival_pond, layout_loops_ring, minivault_27
D:2:      layout_rooms, nicolae_overflow_crystal_walls
D:3:      layout_basic, serial_glass, glass_columns_b, glass_columns_c,
          glass_columns_a, glass_columns_b, feat_on_display,
          due_unseen_surprise, minmay_strange_pillars, minmay_strange_pillars,
          uniq_robin, uniq_terence, uniq_grinder
D:4:      layout_rooms, lemuel_round_altar, overflow_temple_1_default,
          makhleb_blood_cavern_becter, minmay_shop_mass, uniq_ijyb

Skill      XL: |  1  2  3  4 |
---------------+-------------+-----
Crossbows      | 5 6 |  6.6
Short Blades   | 1 |  1.9
Armour         | 1 |  1.6
Fighting       | |  2.4
Dodging        | |  2.1
Stealth        | |  0.7

Action                   |  1- 3 |  4- 6 || total
-------------------------+-------+-------++-------
Melee: Short sword       |    78 |    25 ||   103
       Headbutt          |    11 |     6 ||    17
 Fire: Hand crossbow     |       |    29 ||    29
  Use: Scroll            |       |     6 ||     6
Armor: Leather armour    |    11 |       ||    11
       Ring mail         |    15 |    16 ||    31
Dodge: Dodged            |    43 |    24 ||    67

Table legend: (Time is in decaauts)
 A = Elapsed time spent in this place.
 B = Non-inter-level travel time spent in this place.
 C = Inter-level travel time spent in this place.
 D = Time resting spent in this place.
 E = Time spent auto-exploring this place.
 F = Levels seen in this place.
 G = Mean time per level.
                   A        B        C        D        E       F      G
               +--------+--------+--------+--------+--------+-----+--------+
         Total |   2320 |   2268 |     52 |    322 |   1565 |   4 |  580.0 |
       Dungeon |   2320 |   2268 |     52 |    322 |   1565 |   4 |  580.0 |
               +--------+--------+--------+--------+--------+-----+--------+

Top non-repeatable levels by time:
     D:2: 1026 daAuts
     D:1: 813 daAuts
     D:3: 479 daAuts
     D:4: 1 daAuts
